 Dungeon Crawl Stone Soup version 0.31.0-32-g396128a36d (webtiles) character file.

Game seed: 16171383505742836185

100 raph the Digger (level 4, -4/24 HPs)
             Began as a Deep Elf Earth Elementalist on Mar 11, 2024.
             Killed by divine providence
             ... invoked by an orc priest
              (13 damage)
             ... on level 3 of the Dungeon.
             The game lasted 00:04:27 (2609 turns).

raph the Digger (Deep Elf Earth Elementalist)       Turns: 2609, Time: 00:04:28

Health: -4/24      AC:  2    Str:  5    XL:     4   Next: 46%
Magic:  5/11       EV: 13    Int: 22    God:
Gold:   41         SH:  0    Dex: 15    Spells: 3/10 levels left

rFire   . . .        c - +0 short sword
rCold   . . .        (no shield)
rNeg    . . .        a - +0 robe
rPois   .            (no helmet)
rElec   .            (no cloak)
rCorr   .            (no gloves)
SInv    .            (no boots)
Will    .....        m - amulet of magic regeneration
Stlth   ++           d - ring of wizardry
HPRegen 0.24/turn    (no ring)
MPRegen 0.52/turn

%: wizardry (x1)
@: no status effects
A: no striking features
a: no special abilities


You were on level 3 of the Dungeon.
You visited 1 branch of the dungeon, and saw 3 of its levels.

You collected 151 gold pieces.
You spent 110 gold pieces at shops.

Inventory:

Hand Weapons
 c - a +0 short sword (weapon)
Armour
 a - a +0 robe (worn)
Jewellery
 d - a ring of wizardry (left hand)
 m - an amulet of magic regeneration (around neck)
 n - an amulet of faith
Scrolls
 i - a scroll of identify
 k - a scroll of fear
 l - a scroll of blinking {unknown}
 o - a scroll of enchant armour {unknown}
Potions
 b - a potion of magic
 e - 2 potions of attraction
 f - 3 potions of heal wounds
 g - 2 potions of degeneration
 h - 2 potions of curing
 j - a potion of haste


   Skills:
 + Level 3.1 Dodging
 + Level 3.2 Stealth
 + Level 3.5 Spellcasting
 * Level 2.6 Conjurations
 * Level 4.2 Earth Magic


You had 3 spell levels left.
You knew the following spells:

 Your Spells              Type           Power      Damage    Failure   Level
a - Sandblast             Erth           44%        2d11      1%          1
b - Passwall              Erth           22%        N/A       2%          3
c - Stone Arrow           Conj/Erth      38%        3d9       3%          3

Your spell library contained the following spells:

 Spells                   Type           Power      Damage    Failure   Level
 Kiss of Death            Conj/Necr      36%        2d8       2%          1
 Dazzling Flash           Conj/Hex       18%        N/A       9%          3
 Confusing Touch          Hex            3%         N/A       14%         3
 Volatile Blastmotes      Fire/Tloc      6%         2d10      14%         3
 Brom's Barrelling Bould  Conj/Erth      19%        2d4       12%         4
 Petrify                  Alch/Erth      13%        N/A       21%         4
 Dispel Undead            Necr           3%         3d7       41%         4
 Vhi's Electric Charge    Tloc/Air       6%         N/A       41%         4
 Arcjolt                  Conj/Air       4%         1d14      56%         5
 Starburst                Conj/Fire      4%         6d4       98%         6
 Plasma Beam              Fire/Air       1%         2x1d11    99%         6
 Maxwell's Capacitive Co  Air            1%         ∞         100%        8


Dungeon Overview and Level Annotations

Branches:
Dungeon (3/15)

Altars:

Shops:
D:1 ?


Message History

Confirm with . or Enter, or press ? or * to list all spells.
Aiming: Stone Arrow (quite dangerous; 3% risk of failure)
Press: ? - help, Shift-Dir - straight line, f - orc priest
Aim: an orc priest, wielding a +0 war axe and wearing a +0 scale mail (72% to hit)
The stone arrow misses the orc priest.
The orc shouts! x2; You hear a shout! x2
Aiming: Sandblast (safe; 1% risk of failure)
Press: ? - help, Q - select action, (/) - cycle Shift-Dir - straight line, f/p - orc priest
Aim: an orc priest, wielding a +0 war axe and wearing a +0 scale mail (85% to hit)
The blast of sand hits the orc priest!
The orc priest is heavily wounded.
The orc priest invokes the aid of Beogh against you.
Beogh smites you!
An orc comes into view. It is wielding a +0 dagger.
An orc comes into view. It is wielding a +0 whip.
A hobgoblin comes into view.
The orc moves out of view.
The orc shouts!
Aiming: Sandblast (safe; 1% risk of failure)
Press: ? - help, Q - select action, (/) - cycle Shift-Dir - straight line, f/p - orc priest
Aim: an orc priest, wielding a +0 war axe and wearing a +0 scale mail (heavily wounded, 85% to hit)
The blast of sand hits the orc priest but does no damage.
The orc priest is heavily wounded.
Aiming: Sandblast (safe; 1% risk of failure)
Press: ? - help, Q - select action, (/) - cycle Shift-Dir - straight line, f/p - orc priest
Aim: an orc priest, wielding a +0 war axe and wearing a +0 scale mail (heavily wounded, 85% to hit)
The blast of sand hits the orc priest but does no damage.
The orc priest is heavily wounded.
The orc priest closely misses you. The orc hits you with a +0 flail.
The teleport trap disappears.
The hobgoblin disappears!
The orc hits you with a +0 flail. The orc priest barely misses you.
Aiming: Sandblast (safe; 1% risk of failure)
Press: ? - help, Q - select action, (/) - cycle Shift-Dir - straight line, f/p - orc priest
Aim: an orc priest, wielding a +0 war axe and wearing a +0 scale mail (heavily wounded, 85% to hit)
The blast of sand hits the orc priest.
The orc priest is almost dead.
The orc priest mumbles some strange prayers to Beogh against you.
Beogh smites you!
Ouch! That really hurt!
You die...

..#. ..... ###..## ###
## . ....... .....
###.#.# .#..#.. #.#. #..
... ....... #... ... #.#
.#..#.#
...#..o###.###.##.#....#
....o.o@.#>#.#.##.#....#
...§ooo#.#.#.#.##.#.....
...........#......#.....
...#.##........##.#...#.
.. #....................
. ####........##.#.#.#.
................#.#.
###........##.###.#.
#.###.......# #.#.


You could see an orc priest and 5 orcs.

Vanquished Creatures
  An orc wizard (D:3)
  An adder (D:3)
  2 dart slugs
  A ribbon worm (D:2)
  5 orcs (D:3)
  6 endoplasms
  5 giant cockroaches
  3 goblins (D:1)
  4 hobgoblins
  4 jackals (D:1)
  3 quokkas
  A ball python (D:1)
  2 bats
  5 kobolds (D:1)
  6 rats
49 creatures vanquished.

Notes
Turn   | Place    | Note
-------+----------+-------------------------------------------
     0 | D:1      | raph the Deep Elf Earth Elementalist began the quest for
                  | the Orb.
     0 | D:1      | Reached XP level 1. HP: 10/10 MP: 6/6
   263 | D:1      | Reached XP level 2. HP: 15/15 MP: 2/8
   504 | D:1      | Found Bille's Magic Scroll Shop.
   746 | D:1      | Reached XP level 3. HP: 19/19 MP: 7/9
   750 | D:1      | Learned a level 3 spell: Passwall
   754 | D:1      | Learned a level 3 spell: Stone Arrow
  1556 | D:1      | Bought a scroll of identify for 22 gold pieces
  1556 | D:1      | Bought a scroll of fear for 44 gold pieces
  1884 | D:1      | Bought a scroll of identify for 22 gold pieces
  1884 | D:1      | Bought a scroll of identify for 22 gold pieces
  2441 | D:3      | Reached skill level 4 in Earth Magic
  2547 | D:3      | Reached XP level 4. HP: 24/24 MP: 3/11
  2609 | D:3      | Killed from afar by an orc priest

Illustrated notes

Levels and vault maps discovered:
D:1:      amcnicky_arrival_feature_with_door, layout_loops_ring, serial_shops,
          shop
D:2:      layout_basic, chequers_serial_rivers_small_3, hangedman_decor_growths
D:3:      layout_basic, uniq_ijyb

Skill      XL: |  1  2  3 |
---------------+----------+-----
Conjurations   | 2 |  2.6
Stealth        | 3 |  3.2
Dodging        | 3 |  3.1
Earth Magic    | 4 |  4.2
Spellcasting   | |  3.5

Action                     |  1- 3 |  4- 6 || total
---------------------------+-------+-------++-------
  Melee: Short sword       |     4 |       ||     4
   Cast: Sandblast         |    46 |     8 ||    54
         Stone Arrow       |    18 |     2 ||    20
         Passwall          |     2 |       ||     2
    Use: Scroll            |     7 |       ||     7
 Armour: Robe              |    10 |     2 ||    12
  Dodge: Dodged            |    11 |     2 ||    13
